 Dungeon Crawl Stone Soup version 0.30-a0-374-g95c0257040 (webtiles) character file.

Game seed: 3382783189246742675

107 themarg the Conjurer (level 4, 0/33 HPs)
             Began as a Draconian Conjurer on Nov 27, 2022.
             Slain by an iguana (12 damage)
             ... on level 3 of the Dungeon.
             The game lasted 00:06:56 (2551 turns).

themarg the Conjurer (Draconian Conjurer)           Turns: 2551, Time: 00:06:57

Health: 0/33       AC:  5    Str:  9    XL:     4   Next: 56%
Magic:  1/8        EV: 12    Int: 20    God:
Gold:   52         SH:  0    Dex: 10    Spells: 6/9 levels left

rFire   . . .      SeeInvis .    h - +4 dagger
rCold   . . .      Faith    .    (no shield)
rNeg    . . .      Spirit   .    (body armour unavailable)
rPois   .          Reflect  .    (helmet restricted)
rElec   .          Harm     .    (no cloak)
rCorr   .          Rampage  .    (no gloves)
Will    .....                    (no boots)
Stlth   ++........               (no amulet)
HPRegen 0.25/turn                (no ring)
MPRegen 0.11/turn                (no ring)

@: very slightly contaminated
A: AC +5, unfitting armour, cold-blooded
a: no special abilities


You were on level 3 of the Dungeon.
You visited 1 branch of the dungeon, and saw 3 of its levels.

You collected 107 gold pieces.
You spent 55 gold pieces at shops.

Inventory:

Hand Weapons
 h - a +4 dagger (weapon)
Missiles
 b - 24 stones
Scrolls
 d - a scroll of fog {unknown}
 e - 3 scrolls of blinking {unknown}
 f - a scroll of teleportation {unknown}
 i - a scroll of amnesia {unknown}
 j - 3 scrolls of identify {unknown}
Potions
 a - a potion of magic
 c - a potion of heal wounds
 g - a potion of curing {unknown}
 k - a potion of attraction {unknown}


   Skills:
 - Level 1.7 Dodging
 + Level 3.0 Stealth
 + Level 3.0 Spellcasting
 + Level 4.7 Conjurations


You had 6 spell levels left.
You knew the following spells:

 Your Spells              Type           Power      Damage    Failure   Level
a - Magic Dart            Conj           88%        1d7       1%          1
b - Searing Ray           Conj           44%        2d6       3%          2

Your spell library contained the following spells:

 Spells                   Type           Power      Damage    Failure   Level
 Dazzling Flash           Conj/Hex       24%        N/A       16%         3
 Fulminant Prism          Conj/Hex       6%         3d7       47%         4
 Iskenderun's Mystic Bla  Conj/Tloc      12%        2d5       47%         4


Dungeon Overview and Level Annotations

Branches:
Dungeon (3/15)

Altars:
Gozag

Shops:
D:1 *   D:2 *!(*


Innate Abilities, Weirdness & Mutations

Your plain brown scales are hard. (AC +5)
You cannot fit into any form of body armour.
You are cold-blooded and may be slowed by cold attacks.


Message History

Confirm with . or Enter, or press ? or * to list all spells.
Aiming: Magic Dart (safe; 1% risk of failure)
Press: ? - help, Shift-Dir - straight line, f - rat
Aim: a rat (wandering, hasn't noticed you, 100% to hit)
The magic dart hits the rat.
You kill the rat!
An iguana comes into view.
Found a stone staircase leading up.
Casting: Magic Dart (safe; 1% risk of failure)
Confirm with . or Enter, or press ? or * to list all spells.
Aiming: Searing Ray (safe; 3% risk of failure)
Press: ? - help, Shift-Dir - straight line, f - iguana
Aim: an iguana (asleep, 100% to hit)
The searing ray hits the iguana.
The iguana is lightly wounded.
The iguana hisses angrily. (Press . to maintain the ray.)
The searing ray hits the iguana.
The iguana is heavily wounded.
The iguana bites you but does no damage.
The searing ray hits the iguana.
The iguana is severely wounded.
The iguana bites you!
The searing ray hits the iguana.
The iguana is severely wounded.
You finish channelling your searing ray.
The iguana bites you!
Casting: Searing Ray (safe; 3% risk of failure)
Confirm with . or Enter, or press ? or * to list all spells.
Aiming: Searing Ray (safe; 3% risk of failure)
Press: ? - help, Shift-Dir - straight line, f/p - iguana
Aim: an iguana (severely wounded, 81% to hit)
You miscast Searing Ray.
You are very lightly contaminated with residual magic.
Nothing appears to happen.
The iguana closely misses you.
Casting: Searing Ray (safe; 3% risk of failure)
Confirm with . or Enter, or press ? or * to list all spells.
You don't have enough magic to cast this spell.
The iguana attacks as you move away! The iguana bites you!
You die...

#......#
#......<.
#......#
#........
#......###
#........
#........#
#........
#....†...#
#........
#........#
#........
#......#.#
#........
###.####.###
.........
#.# #.@l###
#.# #.#...#
#.# #..##.#
#.# ##.. .#
#.# ##.#..
#.# ..#..
#.# #..#..
#.# #.##<.
#.# #..


You could see an iguana.

Vanquished Creatures
  4 gnolls (D:2)
  2 adders (D:2)
  A dart slug (D:1)
  2 orcs (D:3)
  2 endoplasms (D:2)
  A giant cockroach (D:2)
  5 goblins
  4 hobgoblins
  4 jackals (D:2)
  A quokka (D:1)
  2 ball pythons (D:2)
  3 bats
  3 frilled lizards
  7 kobolds
  7 rats
48 creatures vanquished.

Notes
Turn   | Place    | Note
-------+----------+-------------------------------------------
     0 | D:1      | themarg the Draconian Conjurer began the quest for the Orb.
     0 | D:1      | Reached XP level 1. HP: 14/14 MP: 3/3
    70 | D:1      | Found Tanaqoj's Assorted Antiques.
   327 | D:1      | Reached XP level 2. HP: 20/20 MP: 3/5
   330 | D:1      | Learned a level 2 spell: Searing Ray
  1051 | D:2      | Found Ceuherch's Assorted Antiques.
  1133 | D:2      | Found Fiwaar's Distillery.
  1218 | D:2      | Reached XP level 3. HP: 26/26 MP: 2/6
  1219 | D:2      | Bought a potion of heal wounds for 55 gold pieces
  1772 | D:2      | Reached XP level 4. HP: 21/33 MP: 0/8
  1975 | D:2      | Found Weaq's Weapon Boutique.
  1993 | D:2      | Found Keliorem's General Store.
  2349 | D:3      | Found an opulent altar of Gozag.
  2551 | D:3      | Slain by an iguana

Illustrated notes

Levels and vault maps discovered:
D:1:      lemuel_arrival_hallway, layout_basic, serial_forest,
          infiniplex_forest_clump_small, infiniplex_forest_lined_2,
          infiniplex_forest_zigzag_2, infiniplex_forest_straight_1,
          infiniplex_forest_lined_ring, infiniplex_forest_lined_room_2,
          serial_shops, shop_statue, minivault_4, kennysheep_another_room
D:2:      layout_loops_cross, serial_shops, shop, nicolae_shop_advertising_works
          [nicolae_subvault_shop_adworks], nicolae_shop_statue_plus, shop
D:3:      layout_rooms, bloody_makhleb, mainiacjoe_overflow_small_starburst,
          serial_shops, nicolae_shop_statue_plus

Skill      XL: |  1  2  3  4 |
---------------+-------------+-----
Stealth        | 2 3 |  3.0
Spellcasting   | 3 |  3.0
Dodging        | |  1.7
Conjurations   | |  4.7

Action                   |  1- 3 |  4- 6 || total
-------------------------+-------+-------++-------
Melee: Unarmed           |     4 |       ||     4
       Tailslap          |     4 |       ||     4
       Dagger            |    26 |     4 ||    30
 Cast: Magic Dart        |    45 |    12 ||    57
       Searing Ray       |    10 |     7 ||    17
Armor: Skin              |    24 |     2 ||    26
Dodge: Dodged            |    25 |     9 ||    34

Table legend: (Time is in decaauts)
 A = Elapsed time spent in this place.
 B = Non-inter-level travel time spent in this place.
 C = Inter-level travel time spent in this place.
 D = Time resting spent in this place.
 E = Time spent auto-exploring this place.
 F = Levels seen in this place.
 G = Mean time per level.
                   A        B        C        D        E       F      G
               +--------+--------+--------+--------+--------+-----+--------+
         Total |   2552 |   2484 |     68 |    238 |   1887 |   3 |  850.7 |
       Dungeon |   2552 |   2484 |     68 |    238 |   1887 |   3 |  850.7 |
               +--------+--------+--------+--------+--------+-----+--------+

Top non-repeatable levels by time:
     D:2: 1313 daAuts
     D:1: 1098 daAuts
     D:3: 140 daAuts
